 Dungeon Sprint DCSS version 0.24-a0-250-g6074511092 (webtiles) character file.

Game seed: 13909725697829533621

7 Redear the Skirmisher (level 1, -2/18 HPs)
             Began as a Demonspawn Fighter on Apr 15, 2019.
             Slain by a human (7 damage)
             ... in the Dungeon (Sprint III: "The Ten Rune Challenge").
             The game lasted 00:00:25 (58 turns).

Redear the Skirmisher (Demonspawn Fighter)            Turns: 58, Time: 00:00:26

Health: -2/18      AC:  6    Str: 16    XL:     1   Next: 83%
Magic:  1/1        EV:  7    Int:  9    God:
Gold:   14         SH:  9    Dex: 12    Spells: 0/0 levels left

rFire    . . .     SeeInvis .     - Unarmed
rCold    . . .     Gourm    .   b - +0 shield
rNeg     . . .     Faith    .   a - +0 scale mail
rPois    .         Spirit   .   (no helmet)
rElec    .         Reflect  .   (no cloak)
rCorr    .         Harm     .   (no gloves)
MR       .....     NoTele   +   (no boots)
Stlth    ..........             (no amulet)
HPRegen  0.06/turn              (no ring)
MPRegen  0.07/turn              (no ring)

@: hasted, very quick
A: no striking features
a: no special abilities


You were in the Dungeon.
You were not hungry.

You visited 1 branch You collected 14 gold pieces.

Inventory:

Armour
 a - a +0 scale mail (worn)
 b - a +0 shield (worn)
Scrolls
 B - a scroll of blinking {@r4}
Potions
 c - a potion of might {Str+5 DMG+1d10 | @q3}
 f - a potion of heal wounds {@q1}
 h - 2 potions of magic
 i - a potion of berserk rage
 Q - a potion of curing {@q2}
Comestibles
 z - a ration


   Skills:
 + Level 3.5 Fighting
 - Level 2.6 Armour
 + Level 1.3 Dodging
 + Level 3.2 Shields
 + Level 2.4 Unarmed Combat


You couldn't memorise any spells.
You didn't know any spells.
Your spell library was empty.

Dungeon Overview and Level Annotations

Branches:
Dungeon (1/1)

Altars:


Message History

The human is moderately wounded.
You block the human's attack.
You hit the human but do no damage.
The human is moderately wounded.
The human hits you.
You take 2 damage, and have 8/18 hp.
You hit the human.
The human is moderately wounded.
The human hits you.
* * * LOW HITPOINT WARNING * * *
You take 3 damage, and have 5/18 hp.
You feel yourself speed up. The human completely misses you.
Unknown command.
You miss the human.
The human is moderately wounded.
You block the human's attack.
You barely miss the human.
The human is moderately wounded.
The human hits you!
You die...

▓..##....†..# .#
▓##.##.##...# ..#
##.##.###..# ..#
▓#.####.##..# ...+
▓.###..##..## #...#
▓#.....##..###....#
###..##...##.....#
##..##....#pW....#
#..###..##@#.....#
#..# #.. ####....#
▓▓▓▓ ▓▓▓ ▓▓▓▓▓


You could see a phantom and a human.

Vanquished Creatures
  An ooze (D)
  3 rats (D)
4 creatures vanquished.

Vanquished Creatures (others)
  2 plants (D)
2 creatures vanquished.

Grand Total: 6 creatures vanquished

Notes
Turn   | Place    | Note
-------+----------+-------------------------------------------
     0 | D        | Redear the Demonspawn Fighter began the quest for the Orb.
     0 | D        | Reached XP level 1. HP: 18/18 MP: 1/1
    15 | D        | Reached skill level 1 in Dodging
    15 | D        | Reached skill level 3 in Shields
    15 | D        | Reached skill level 2 in Unarmed Combat
    58 | D        | Slain by a human

Levels and vault maps discovered:
D:        dungeon_sprint_mu [sprint_mu_entry_cave, sprint_mu_temple_rooms,
          sprint_mu_d1_horrors, sprint_mu_d2_genie, sprint_mu_d3_branching,
          sprint_mu_orc_legion, sprint_mu_elf_gauntlet, sprint_mu_hive_nellie,
          sprint_mu_lair_fedhas, sprint_mu_vaults_butterflies,
          sprint_mu_slime_circle, sprint_mu_swamp_cave, sprint_mu_snake_twists,
          sprint_mu_blade_basic, sprint_mu_crypt_chambers,
          sprint_mu_tomb_spiral, sprint_mu_vestibule_basic,
          sprint_mu_gehenna_hellfire, sprint_mu_dis_giant,
          sprint_mu_tartarus_statrot, sprint_mu_cocytus_islands, sprint_mu_zot1]

Skill      XL: |  1 |
---------------+----+-----
Dodging        | 1 |  1.3
Shields        | 3 |  3.2
Unarmed Combat | 2 |  2.4
Fighting       | |  3.5
Armour         | |  2.6

Action                   || total
-------------------------++-------
Melee: Unarmed           ||    17
  Use: Potion            ||     1
Armor: Scale mail        ||     4
Dodge: Dodged            ||     5
Block: Shield            ||     3

Table legend:
 A = Non-vault XP
 B = Vault XP
 C = Vault XP percentage of total XP
 D = Non-vault monster count
 E = Vault monster count
 F = Vault count percentage of total count
                 A         B        C        D         E       F
            +---------+---------+-------+---------+---------+-------
      Total |       0 |      10 | 100.0 |       0 |       4 | 100.0
            +---------+---------+-------+---------+---------+-------
          D |       0 |      10 | 100.0 |       0 |       4 | 100.0
            +---------+---------+-------+---------+---------+-------
